AoeStats
← TWNBS_Jian Hei

Black Forest

510571595Analyzed
4v4 RM · 10h ago on Oct 1, 2026· 38m 22s· 8 players
Game mode
Random Map
Map size
Large (8 player)
Population
200
Speed
Normal
Resources
Standard
Victory
Conquest
Starting age
Dark Age
Ending age
Imperial Age
RankedLock teamsTeams togetherTeam positionsShared explorationLock speedFull tech treeHidden civsTurbo modeCheats
Victory
Defeat
🇹🇷 Italians · Türkiye
1536
+17
🇹🇷 Turks · Türkiye
1498
+19
🇩🇰 Saxons · Denmark
1418
+22
🇹🇷 Teutons · Türkiye
1410
+22
🇹🇼 Dravidians · Taiwan
1632
-22
🇦🇷 Spanish · Argentina
1548
-20
🇹🇼 Persians · Taiwan
1544
-20
🇹🇼 Shu · Taiwan
1492
-18
tokmakbaba
11:27 Feudal Age
12:22 Double-Bit Axe
12:39 Gold Mining
15:49 Castle Age
20:19 Imperial Age
21:33 Bow Saw
23:30 Loom
25:30 Fortified Wall
32:13 Horse Collar
36:06 Wheelbarrow
35:17 Town Watch
37:06 Hand Cart
38:19 Artillery
38:54 Heavy Plow
FinishedMyBurger
1:55 Loom
13:38 Feudal Age
15:00 Double-Bit Axe
17:25 Castle Age
26:32 Horse Collar
27:04 Bow Saw
34:35 Heavy Plow
36:08 Wheelbarrow
37:08 Gold Mining
38:02 Hand Cart
37:35 Town Watch
TaçsızKral
3:44 Loom
12:33 Feudal Age
16:16 Castle Age
14:11 Double-Bit Axe
15:27 Stone Mining
17:29 Bow Saw
19:23 Fletching
20:32 Bodkin Arrow
21:39 Padded Archer Armor
22:13 Ballistics
23:51 Padded Archer Armor
30:22 Leather Archer Armor
36:19 Imperial Age
36:29 Wheelbarrow
36:40 Elite Genoese Crossbowman
39:11 Chemistry
38:13 Bracer
★ MerCem ★
11:41 Feudal Age
15:41 Castle Age
13:44 Double-Bit Axe
14:22 Horse Collar
16:59 Gold Mining
17:23 Bow Saw
17:26 Loom
28:32 Stone Mining
29:00 Fletching
29:29 Guard Tower
29:56 Bodkin Arrow
32:53 Wheelbarrow
36:58 Heavy Plow
38:36 Hand Cart
TW_Dinko
0:59 Loom
12:01 Feudal Age
16:17 Castle Age
15:07 Double-Bit Axe
18:26 Horse Collar
21:07 Wheelbarrow
21:40 Heavy Plow
22:34 Bow Saw
30:45 Fortified Wall
TW_HIHAO
10:53 Feudal Age
14:30 Castle Age
12:53 Double-Bit Axe
13:45 Horse Collar
19:46 Padded Archer Armor
21:17 Leather Archer Armor
23:38 Husbandry
23:50 Bloodlines
29:24 Wheelbarrow
31:57 Husbandry
36:12 Imperial Age
33:54 Fletching
35:54 Bodkin Arrow
36:20 Ballistics
35:23 Elite Skirmisher
36:41 Hand Cart
36:14 Loom
36:35 Town Watch
36:59 Bracer
38:00 Chemistry
38:36 Ring Archer Armor
TWNBS_Jian Hei
0:57 Loom
11:04 Feudal Age
14:33 Castle Age
21:39 Double-Bit Axe
27:03 Horse Collar
31:55 Wheelbarrow
35:47 Imperial Age
33:52 Gold Mining
34:38 Fletching
35:13 Hand Cart
34:43 Town Watch
35:35 Bodkin Arrow
36:07 Ballistics
36:02 Fortified Wall
37:00 Conscription
36:42 Bracer
37:44 Chemistry
36:57 Fortified Wall
37:04 Crossbowman
37:50 Thumb Ring
37:40 Onager
斷水流大師兄
12:36 Feudal Age
16:35 Castle Age
14:28 Horse Collar
14:36 Double-Bit Axe
17:46 Wheelbarrow
23:35 Gold Mining
25:32 Scale Barding Armor
25:38 Forging
25:53 Loom
29:57 Imperial Age
27:46 Bloodlines
27:37 Husbandry
28:05 Chain Barding Armor
38:40 Iron Casting
38:55 Iron Casting
37:57 Light Cavalry
Connection lost

Rejoining the realm…

Still unreachable

The connection could not be restored.

Session expired

The server has moved on; the page needs a fresh start.